 Dungeon Crawl Stone Soup version 0.26-a0-1053-gaff5f71418 (webtiles) character file.

Game seed: 5540089474154756554

804 stormannn the Ducker (level 7, 0/37 HPs)
             Began as a Deep Elf Venom Mage on Dec 12, 2020.
             Slain by a centaur zombie (5 damage)
             ... on level 6 of the Dungeon.
             The game lasted 00:16:19 (7623 turns).

stormannn the Ducker (Deep Elf Venom Mage)          Turns: 7623, Time: 00:16:20

Health: 0/37       AC:  5    Str:  4 (5)  XL:     7   Next: 60%
Magic:  6/17       EV: 17    Int: 20 (22) God:
Gold:   255        SH:  0    Dex: 19 (21) Spells: 11/17 levels left

rFire    + . .     SeeInvis .   b - +1 mace (vorpal)
rCold    . . .     Faith    .   (no shield)
rNeg     . . .     Spirit   .   t - +0 robe (curse)
rPois    .         Reflect  .   x - +2 hat
rElec    .         Harm     .   (no cloak)
rCorr    .         Rampage  .   (no gloves)
Will     .....                  (no boots)
Stlth    ++........             (no amulet)
HPRegen  0.12/turn              m - +6 ring of dexterity
MPRegen  0.15/turn              r - ring of protection from fire

@: very slightly contaminated
A: talons 1, rugged brown scales 1
a: no special abilities


You were on level 6 of the Dungeon.
You visited 1 branch of the dungeon, and saw 6 of its levels.

You collected 255 gold pieces.

Inventory:

Hand Weapons
 b - a +1 vorpal mace (weapon)
Armour
 t - a cursed +0 robe (worn)
 x - a +2 hat (worn)
Jewellery
 m - a +6 ring of dexterity (left hand)
 r - a ring of protection from fire (right hand)
Scrolls
 a - a scroll of fog {unknown}
 c - 9 scrolls of identify
 d - 2 scrolls of enchant weapon {unknown}
 j - a scroll of fear {unknown}
 l - 4 scrolls of magic mapping {unknown}
 o - 3 scrolls of teleportation {unknown}
 q - a scroll of random uselessness {unknown}
 s - 2 scrolls of amnesia {unknown}
 w - 3 scrolls of enchant armour {unknown}
 y - a scroll of noise {unknown}
Potions
 e - 4 potions of flight
 f - a potion of attraction
 g - 3 potions of might
 h - a potion of degeneration
 i - 2 potions of mutation
 k - a potion of resistance
 n - a potion of magic
 p - 2 potions of curing
 u - a potion of haste


   Skills:
 * Level 6.8 Dodging
 - Level 2.4 Stealth
 + Level 5.8 Spellcasting
 + Level 4.1 Transmutations
 + Level 5.3 Poison Magic


You had 11 spell levels left.
You knew the following spells:

 Your Spells              Type           Power        Failure   Level
a - Sting                 Tmut/Pois      ###.         1%          1
b - Poisonous Vapours     Pois/Air       ###...       5%          2
c - Ignite Poison         Fire/Tmut/Pois ###.....     9%          3

Your spell library contained the following spells:

 Spells                   Type           Power        Failure   Level
 Olgreb's Toxic Radiance  Pois           ####....     12%         4
 Mephitic Cloud           Conj/Pois/Air  ##......     16%         3


Dungeon Overview and Level Annotations

Branches:
Dungeon (6/15)
 Temple: D:4-7

Altars:
Elyvilon
Qazlal
Wu Jian
Xom

Annotations:
D:3 Grinder


Innate Abilities, Weirdness & Mutations

You have sharp toenails.
You are partially covered in rugged brown scales. (AC +1, +3% HP)


Message History

Confirm with . or Enter, or press ? or * to list all spells.
Aiming: Sting (safe; 1% risk of failure)
Press: ? - help, Shift-Dir - straight line, f/p - hound skeleton
Aim: a hound skeleton (severely damaged, 11% to evade)
The sting hits the hound skeleton.
The hound skeleton partially resists.
The hound skeleton is almost destroyed.
A wight comes into view. It is wielding a +0 battleaxe.
The hound skeleton closely misses you. The centaur zombie closely misses you.
Casting: Sting (safe; 1% risk of failure)
Confirm with . or Enter, or press ? or * to list all spells.
Aiming: Sting (safe; 1% risk of failure)
Press: ? - help, Shift-Dir - straight line, f/p - hound skeleton
Aim: a hound skeleton (almost destroyed, 11% to evade)
The sting hits the hound skeleton.
The hound skeleton partially resists.
The hound skeleton is almost destroyed.
The hound skeleton barely misses you.
The wight throws a stone.
The stone hits you.
* * * LOW HITPOINT WARNING * * *
The centaur zombie hits you.
You die...

... .........
....# .........
.....###..>.....
....#.#.../.....
..r.............
.........#.##...
.........#.# .
......Z†...#....
....##@>.......
....#..Z.......
.##...÷...###..
#.......... .
##...........
#...#.........
.....#.........
z......?.......


You could see a wight, a centaur zombie, a quokka and a hound skeleton.

Vanquished Creatures
  A sky beast (D:5)
  An ogre (D:4)
  A bullfrog (D:6)
  A howler monkey (D:6)
  A hound (D:5)
  An orc priest (D:3)
  A centaur skeleton (D:4)
  5 orc wizards
  2 worker ants
  Natasha (thrice) (D:3)
  A hound skeleton (D:4)
  3 gnolls (D:2)
  3 adders
  An adder skeleton (D:4)
  2 worms
  A dart slug (D:1)
  7 leopard geckos
  9 orcs
  7 bats
  5 giant cockroaches
  8 goblins
  6 hobgoblins
  12 jackals
  4 quokkas
  A ball python (D:3)
  3 frilled lizards
  A jackal zombie (D:5)
  5 kobolds
  A leopard gecko skeleton (D:5)
  A quokka skeleton (D:4)
  7 rats
105 creatures vanquished.

Vanquished Creatures (others)
  3 fungi (D:1)
  A plant (D:1)
4 creatures vanquished.

Grand Total: 109 creatures vanquished

Notes
Turn   | Place    | Note
-------+----------+-------------------------------------------
     0 | D:1      | stormannn the Deep Elf Venom Mage began the quest for the
                  | Orb.
     0 | D:1      | Reached XP level 1. HP: 10/10 MP: 6/6
   149 | D:1      | Reached XP level 2. HP: 11/15 MP: 0/8
   447 | D:1      | Reached skill level 3 in Dodging
   904 | D:1      | Learned a level 2 spell: Poisonous Vapours
  1458 | D:1      | Reached XP level 3. HP: 19/19 MP: 7/9
  1627 | D:2      | Found a stormy altar of Qazlal.
  2025 | D:3      | Found a white marble altar of Elyvilon.
  2136 | D:3      | Noticed Natasha
  2148 | D:3      | Killed Natasha
  2149 | D:3      | Reached XP level 4. HP: 22/24 MP: 0/11
  2794 | D:2      | Reached skill level 4 in Dodging
  3919 | D:3      | Reached XP level 5. HP: 21/28 MP: 4/13
  4446 | D:3      | Noticed Grinder
  4501 | D:3      | Noticed Natasha
  4511 | D:3      | Killed Natasha
  4780 | D:3      | Found an ornate altar of the Wu Jian Council.
  4791 | D:3      | Noticed Natasha
  4797 | D:3      | Killed Natasha
  4798 | D:3      | Reached skill level 5 in Dodging
  5106 | D:4      | Reached XP level 6. HP: 29/32 MP: 10/14
  5243 | D:4      | Reached skill level 5 in Spellcasting
  5796 | D:4      | Reached skill level 6 in Dodging
  5796 | D:4      | Reached XP level 7. HP: 26/36 MP: 10/16
  6215 | D:5      | Entered Level 5 of the Dungeon
  6215 | D:5      | Found a shimmering altar of Xom.
  6230 | D:5      | Found a shimmering altar of Xom.
  6230 | D:5      | Found a shimmering altar of Xom.
  6231 | D:5      | Found a shimmering altar of Xom.
  6233 | D:5      | Found a shimmering altar of Xom.
  6314 | D:5      | Reached skill level 5 in Poison Magic
  6318 | D:5      | Learned a level 3 spell: Ignite Poison
  7321 | D:5      | Gained mutation: You are partially covered in rugged brown
                  | scales. (AC +1, +3% HP) [potion of mutation]
  7321 | D:5      | Gained mutation: You have sharp toenails. [potion of
                  | mutation]
  7623 | D:6      | Slain by a centaur zombie

Illustrated notes

Levels and vault maps discovered:
D:1:      lemuel_arrival_muddy, layout_basic
D:2:      layout_loops_cross, nicolae_overflow_hidden_temple
D:3:      layout_basic, old_standard_altar, lemuel_doored_altar,
          serial_corexii_hall, corexii_hall_statues_deadend,
          corexii_hall_statues_s, uniq_grinder, uniq_natasha
D:4:      layout_basic
D:5:      layout_basic, xom_redecorated
D:6:      layout_cave_pools, okawaru_gym_becter, minmay_temple_entry_grid,
          serial_shops, kennysheep_mini

Skill      XL: |  1  2  3  4  5  6  7 |
---------------+----------------------+-----
Dodging        | 3 4 5 6 |  6.8
Transmutations | 2 3 4 |  4.1
Spellcasting   | 4 5 |  5.8
Poison Magic   | 4 5 |  5.3
Stealth        | |  2.4

Action                   |  1- 3 |  4- 6 |  7- 9 || total
-------------------------+-------+-------+-------++-------
Melee: Mace              |     2 |    22 |    15 ||    39
 Cast: Sting             |    84 |   100 |    59 ||   243
       Poisonous Vapours |       |    10 |    10 ||    20
  Use: Potion            |       |       |     9 ||     9
       Scroll            |       |       |     1 ||     1
Armor: Robe              |    12 |    12 |    10 ||    34
Dodge: Dodged            |    31 |    45 |    99 ||   175

Table legend: (Time is in decaauts)
 A = Elapsed time spent in this place.
 B = Non-inter-level travel time spent in this place.
 C = Inter-level travel time spent in this place.
 D = Time resting spent in this place.
 E = Time spent auto-exploring this place.
 F = Levels seen in this place.
 G = Mean time per level.
                   A        B        C        D        E       F      G
               +--------+--------+--------+--------+--------+-----+--------+
         Total |   7652 |   7380 |    272 |   2788 |   3622 |   6 | 1275.3 |
       Dungeon |   7652 |   7380 |    272 |   2788 |   3622 |   6 | 1275.3 |
               +--------+--------+--------+--------+--------+-----+--------+

Top non-repeatable levels by time:
     D:3: 1896 daAuts
     D:2: 1611 daAuts
     D:1: 1600 daAuts
     D:5: 1251 daAuts
     D:4: 1131 daAuts
     D:6: 160 daAuts
